 Dungeon Crawl Stone Soup version 0.21-a0-351-g38363bb (webtiles) character file.

16 4thArraOfDagon the Vexing (level 2, 4/27 HPs)
             Began as an Ogre Enchanter on Oct 9, 2017.
             Quit the game on level 3 of the Dungeon.
             The game lasted 00:03:47 (723 turns).

4thArraOfDagon the Vexing (Ogre Enchanter)           Turns: 723, Time: 00:03:48

Health: 4/27       AC:  3    Str: 11    XL:     2   Next: 54%
Magic:  5/5        EV:  9    Int: 16    God:
Gold:   39         SH:  0    Dex:  9    Spells: 2/5 levels left

rFire    . . .     SeeInvis .   a - +1 dagger
rCold    . . .     Gourm    .   (no shield)
rNeg     . . .     Faith    .   b - +0 robe
rPois    .         Spirit   .   (helmet restricted)
rElec    .         Reflect  .   (no cloak)
rCorr    .         Harm     .   (gloves unavailable)
MR       .....                  (boots unavailable)
Stlth    +.........             (no amulet)
HPRegen  0.09/turn              (no ring)
MPRegen  0.09/turn              (no ring)

@: heavily drained
A: unfitting armour, tough skin 1
a: no special abilities


You were on level 3 of the Dungeon.
You were not hungry.

You visited 1 branch of the dungeon, and saw 5 of its levels.

You collected 39 gold pieces.

Inventory:

Hand Weapons
 a - a +1 dagger (weapon)
 e - a +0 club
Armour
 b - a +0 robe (worn)
Books
 c - a book of Maledictions

   Spells                             Type                      Level
   a - Corona                         Hexes                        1
   b - Ensorcelled Hibernation        Hexes/Ice                    2
   c - Confuse                        Hexes                        3
   d - Tukima's Dance                 Hexes                        3
   e - Dazzling Spray                 Conjuration/Hexes            3
Comestibles
 d - a bread ration
 f - a fruit


   Skills:
 + Level 1.6(0.0) Fighting
 - Level 0.8(0.0) Short Blades
 * Level 1.3(0.0) Maces & Flails
 - Level 1.7(0.0) Dodging
 - Level 2.1(0.2) Stealth
 - Level 2.4(0.4) Spellcasting
 - Level 2.6(0.7) Hexes


You had 2 spell levels left.
You knew the following spells:

 Your Spells              Type           Power        Failure   Level  Hunger
a - Corona                Hex            #......      19%         1    ##.....
b - Ensorcelled Hibernat  Hex/Ice        #.....       32%         2    ###....


Dungeon Overview and Level Annotations

Branches:
Dungeon (5/15)
 Temple: D:4-7

Altars:

Annotations:
D:2 Sigmund
D:3 Terence


Innate Abilities, Weirdness & Mutations

You are too large for most types of armour.
You have tough skin. (AC +1)


Message History

Unknown command.
Enter note: FAIL You hit the orc but do no damage.
The orc completely misses you.
Unknown command.
You hit the orc.
The orc is heavily wounded.
The orc hits you but does no damage.
You feel drained. The orc hits you with a club.
* * * LOW HITPOINT WARNING * * *
Unknown command.
Unknown command.
You hit the orc but do no damage.
The orc is heavily wounded.
The orc hits you with a flail of draining.
* * * LOW HITPOINT WARNING * * *
You feel drained.
* * * LOW HITPOINT WARNING * * *
The orc barely misses you.
Unknown command.
Are you sure you want to abandon this character and quit the game? (Confirm with "yes".)

#......## #.......##
## #......#.# #.. .
#.###...# #o# .#
#.####.## #o##.
#.)....# #...
######.# #..#
###@#####.o####.#
#####...w..##.oo@o..#
.............w@######
#####.#.##.#####
#...##># #.####g. #.#
#..# #.. ...# ...
##.# .. .#


You could see Terence, a worm and 4 orcs.

Vanquished Creatures
  A ball python (D:1)
  A giant cockroach (D:4)
  4 goblins (D:1)
  4 hobgoblins
  A bat (D:1)
  A frilled lizard (D:1)
  A rat (D:1)
13 creatures vanquished.

Notes
Turn   | Place    | Note
-------+----------+-------------------------------------------
     0 | D:1      | 4thArraOfDagon the Ogre Enchanter began the quest for the Orb.
     0 | D:1      | Reached XP level 1. HP: 16/16 MP: 3/3
    85 | D:1      | Reached skill level 1 in Fighting
   126 | D:1      | Reached skill level 1 in Maces & Flails
   126 | D:1      | Reached XP level 2. HP: 22/27 MP: 3/5
   140 | D:1      | Learned a level 2 spell: Ensorcelled Hibernation
   191 | D:2      | Noticed Sigmund
   194 | D:3      | Noticed Terence
   325 | D:5      | Entered Level 5 of the Dungeon
   666 | D:4      | WTF
   720 | D:3      | FAIL
   723 | D:3      | Quit the game

Vault maps used:
D:1:      lightli_arrival_noodles, nrook_loot_triangle
D:2:      nicolae_qazlal_eye_of_the_storm, lemuel_doored_altar, uniq_jessica,
          uniq_sigmund
D:3:      lemuel_zombie_altar_kikubaaqudgha, uniq_terence
D:4:      old_standard_altar, okawaru_altar_gauntlet_db, temple_doors_e,
          minmay_misc_feat_enclosed
D:5:      first_bread, sigmund_army, uniq_edmund

Skill      XL: |  1 |
---------------+----+-----
Fighting       | 1 |  1.6
Maces & Flails | 1 |  1.3
Short Blades   | |  0.8
Dodging        | |  1.7
Stealth        | |  2.1
Spellcasting   | |  2.4
Hexes          | |  2.6

Action                   || total
-------------------------++-------
Melee: Dagger            ||    47
 Cast: Corona            ||    11
       Ensorcelled Hiber ||     3
 Stab: Sleeping          ||     2
Armor: Robe              ||    10
Dodge: Dodged            ||    25

Table legend:
 A = Spawn XP
 B = Non-spawn XP
 C = Spawn XP percentage of total XP
 D = Spawn monster count
 E = Non-spawn monster count
 F = Spawn count percentage of total count
 G = Total turns spent on level
                    A         B        C        D         E        F      G
               +---------+---------+-------+---------+---------+-------+---------
         Total |       0 |      23 |   0.0 |       0 |      13 |   0.0 |   723
               +---------+---------+-------+---------+---------+-------+---------
           D:1 |       0 |      19 |   0.0 |       0 |      11 |   0.0 |   191
           D:3 |       0 |       2 |   0.0 |       0 |       1 |   0.0 |    43
           D:4 |       0 |       2 |   0.0 |       0 |       1 |   0.0 |   476
               +---------+---------+-------+---------+---------+-------+---------
